 Seeded DCSS version 0.29.1-13-g9f3cf754e1 (webtiles) character file.

Game seed: 1 (custom seed)

350446 Kazon the Fencer (level 21, -2/200 HPs)
             Began as a Minotaur Gladiator on Jan 17, 2023.
             Was the Champion of Okawaru.
             Slain by Asterion
             ... wielding a +1 vorpal broad axe
              (24 damage)
             ... in the Arena on Jan 20, 2023.
             The game lasted 04:29:30 (34287 turns).

Kazon the Fencer (Minotaur Gladiator)              Turns: 34287, Time: 04:29:31

Health: -2/200     AC: 32    Str: 19    XL:     21   Next: 27%
Magic:  22/31      EV: 15    Int:  9    God:    Okawaru [******]
Gold:   2774       SH: 24    Dex: 17    Spells: 20/20 levels left

rFire   + + +      SeeInvis +   s - +8 demon blade (spect)
rCold   + + +      Faith    .   i - +3 tower shield "Intiof" {-Cast Fly rElec Will++}
rNeg    + + +      Spirit   .   k - +7 fire dragon scales "Gysobbeu" {-Tele rF++ rC- rN+++ rCorr Dex-3}
rPois   .          Reflect  .   A - +1 hat of Untruth {rC++ rCorr Str-2 Stlth+}
rElec   +          Harm     .   R - scarf {rC+ rF+}
rCorr   +          Rampage  ∞   Z - +2 pair of gloves {Dex+3}
Will    +++..      NoTele   +   w - +3 pair of seven-league boots {Rampage+∞}
Stlth   ++++...... NoCast   +   J - amulet of Vitality {RegenMP++ Regen++}
HPRegen 2.03/turn               Q - ring of protection from cold
MPRegen 1.02/turn               n - ring of see invisible

@: heroic, finesse-ful, flying, duelling
A: horns 2, retaliatory headbutt
}: 2/15 runes: barnacled, gossamer
a: Renounce Religion, Heroism, Finesse, Duel


You were in the Arena.
You worshipped Okawaru.
Okawaru was exalted by your worship.
You visited 9 branches of the dungeon, and saw 38 of its levels.
You visited the Abyss 1 time.
You visited 1 bazaar.
You also visited: Gauntlet and Ice Cave.

You collected 6402 gold pieces.
You spent 3628 gold pieces at shops.

Inventory:

Hand Weapons
 f - the +2 Maxwell's thermic engine {flame, freeze}
   (You found it on level 1 of the Lair of Beasts)

   It burns those it strikes, dealing additional fire damage.
   Big, fiery blades are also staple armaments of hydra-hunters.
   It freezes those it strikes, dealing additional cold damage.
   It can also slow down cold-blooded creatures.
   It becomes more effective when it hits something.
   This effect fades over time.
 s - a +8 spectral demon blade (weapon)
 v - the +4 demon blade of Paofro Dips {vamp, *Rage rPois rCorr Dex-2}
   (Okawaru gifted it to you on level 15 of the Dungeon)

   It occasionally heals its wielder for a portion of the damage dealt when it
   wounds a living foe.
   Dex:       It affects your dexterity (-2).
   rPois:     It protects you from poison.
   *Rage:     It berserks you when you make melee attacks (+20% chance).
   rCorr:     It protects you from acid and corrosion.
Missiles
 d - 5 throwing nets
 q - 61 boomerangs (quivered)
 t - 7 datura-tipped darts
 x - 26 javelins
 B - 12 curare-tipped darts
 L - 10 silver javelins
 T - 8 atropa-tipped darts
 U - a silver boomerang
Armour
 i - the +3 tower shield "Intiof" (worn) {-Cast Fly rElec Will++}
   (Okawaru gifted it to you on level 1 of the Vaults)

   rElec:     It insulates you from electricity.
   Fly:       It grants you flight.
   -Cast:     It prevents spellcasting.
   Will:      It greatly increases your willpower.
 k - the +7 fire dragon scales "Gysobbeu" (worn) {-Tele rF++ rC- rN+++ rCorr Dex-3}
   (You bought it in a shop on level 2 of the Vaults)

   Dex:       It affects your dexterity (-3).
   rF:        It greatly protects you from fire.
   rC:        It makes you vulnerable to cold.
   rN:        It renders you almost immune to negative energy.
   -Tele:     It prevents most forms of teleportation.
   rCorr:     It protects you from acid and corrosion.
 w - the +3 pair of seven-league boots (worn) {Rampage+∞}
   (You acquired it on level 1 of the Spider Nest)

   Its wearer moves as far as possible in that direction when moving towards
   enemies.
 A - the +1 hat of Untruth (worn) {rC++ rCorr Str-2 Stlth+}
   (You found it on level 14 of the Dungeon)

   Str:       It affects your strength (-2).
   rC:        It greatly protects you from cold.
   rCorr:     It protects you from acid and corrosion.
   Stlth:     It makes you more stealthy.
 R - a scarf of resistance (worn)
 Z - a +2 pair of gloves of dexterity (worn)
Jewellery
 n - a ring of see invisible (right hand)
 J - the amulet of Vitality (around neck) {RegenMP++ Regen++}
   (You found it on level 2 of the Depths)

   [amulet of magic regeneration]

   It increases your rate of magic regeneration.
   Regen:     It increases your rate of health regeneration.
 Q - a ring of protection from cold (left hand)
Wands
 y - a wand of mindburst (34)
 D - a wand of digging (4)
 G - a wand of paralysis (34)
 M - a wand of roots (21)
 S - a wand of polymorph (9)
Scrolls
 j - 2 scrolls of magic mapping
 l - 10 scrolls of teleportation
 m - 3 scrolls of blinking
 o - 2 scrolls of immolation
 p - 2 scrolls of poison
 r - 6 scrolls of fog
 K - 4 scrolls of fear
 V - 2 scrolls of silence
Potions
 b - 3 potions of berserk rage
 e - 3 potions of resistance
 g - 7 potions of heal wounds
 h - 11 potions of haste
 u - 13 potions of lignification
 z - 2 potions of invisibility
 C - 5 potions of cancellation
 H - 9 potions of might
 I - 18 potions of curing
 X - 6 potions of ambrosia
 Y - 3 potions of mutation
Miscellaneous
 F - a lightning rod (4/4)
 O - a condenser vane
 P - a tin of tremorstones (2/2)
 W - a phial of floods


   Skills:
 + Level 19.8(24.8) Fighting
 + Level 20.4(25.4) Long Blades
 + Level 15.6(20.6) Throwing
 + Level 15.8(20.8) Armour
 + Level 7.1(12.1) Dodging
 + Level 5.2(10.2) Stealth
 + Level 13.3(18.3) Shields
 * Level 15.3 Invocations
 * Level 16.4 Evocations


You had 20 spell levels left.
You didn't know any spells.
Your spell library contained the following spells:

 Spells                   Type           Power      Damage    Failure   Level
 Apportation              Tloc           0%         N/A       91%         1
 Magic Dart               Conj           0%         1d3       91%         1
 Necrotise                Necr           0%         1d4       91%         1
 Sandblast                Erth           0%         2d4       91%         1
 Shock                    Conj/Air       0%         1d3       91%         1
 Sting                    Tmut/Pois      0%         1d3       91%         1
 Poisonous Vapours        Pois/Air       0%         N/A       97%         2
 Scorch                   Fire           0%         2d5       97%         2
 Confusing Touch          Hex            0%         N/A       100%        3
 Dazzling Flash           Conj/Hex       0%         N/A       100%        3
 Mephitic Cloud           Conj/Pois/Air  0%         N/A       100%        3
 Ozocubu's Armour         Ice            0%         N/A       100%        3
 Swiftness                Air            0%         N/A       100%        3
 Vampiric Draining        Necr           0%         2d6       100%        3
 Airstrike                Air            0%         2d(0-16)  100%        4
 Cause Fear               Hex            0%         N/A       100%        4
 Flame Wave               Conj/Fire      0%         2d4       100%        4
 Iskenderun's Mystic Bla  Conj/Tloc      0%         2d3       100%        4
 Leda's Liquefaction      Hex/Erth       0%         N/A       100%        4
 Olgreb's Toxic Radiance  Pois           0%         N/A       100%        4
 Passage of Golubria      Tloc           0%         N/A       100%        4
 Agony                    Necr           0%         N/A       100%        5
 Alistair's Intoxication  Tmut/Pois      0%         N/A       100%        5
 Blade Hands              Tmut           0%         N/A       100%        5
 Borgnjor's Vile Clutch   Necr/Erth      0%         N/A       100%        5
 Fireball                 Conj/Fire      0%         3d3       100%        5
 Irradiate                Conj/Tmut      0%         3d11      100%        5
 Iskenderun's Battlesphe  Conj           0%         2d6       100%        5
 Lee's Rapid Deconstruct  Erth           0%         3d5*      100%        5
 Metabolic Englaciation   Hex/Ice        0%         N/A       100%        5
 Silence                  Hex/Air        0%         N/A       100%        5
 Yara's Violent Unravell  Hex/Tmut       0%         3d3       100%        5
 Conjure Ball Lightning   Conj/Air       0%         3x3d6     100%        6
 Dispersal                Tloc           0%         N/A       100%        6
 Eringya's Noxious Bog    Tmut/Pois      0%         N/A       100%        6
 Iron Shot                Conj/Erth      0%         9d1       100%        6
 Starburst                Conj/Fire      0%         6d3       100%        6
 Statue Form              Tmut/Erth      0%         N/A       100%        6
 Dragon Form              Tmut           0%         N/A       100%        7
 Enfeeble                 Hex            0%         N/A       100%        7
 Orb of Destruction       Conj           0%         9d5       100%        7
 Ozocubu's Refrigeration  Ice            0%         4d7       100%        7
 Disjunction              Tloc           0%         N/A       100%        8
 Ignition                 Fire           0%         3d3       100%        8
 Lehudib's Crystal Spear  Conj/Erth      0%         10d2      100%        8
 Summon Small Mammal      Summ           Unusable   N/A       N/A         1
 Call Imp                 Summ           Unusable   N/A       N/A         2
 Animate Armour           Summ/Erth      Unusable   N/A       N/A         4
 Animate Dead             Necr           Unusable   N/A       N/A         4
 Summon Forest            Summ/Tloc      Unusable   N/A       N/A         5
 Death Channel            Necr           Unusable   N/A       N/A         6
 Simulacrum               Ice/Necr       Unusable   N/A       N/A         6
 Summon Cactus Giant      Summ           Unusable   N/A       N/A         6
 Summon Hydra             Summ           Unusable   N/A       N/A         7
 Dragon's Call            Summ           Unusable   N/A       N/A         9

Dungeon Overview and Level Annotations

Branches:
Dungeon (15/15)            Temple (1/1) D:7            Lair (5/5) D:10
 Shoals (4/4) Lair:3       Spider (4/4) Lair:3        Slime (0/5) Lair:4
    Orc (2/2) D:12            Elf (3/3) Orc:2        Vaults (2/5) D:13
 Depths (2/4) D:15          IceCv (visited)         Gauntlet (visited)
  Crypt: Vaults:2-3

Altars:
Ashenzari
Dithmenos
Elyvilon
Gozag
Hepliaklqana
Kikubaaqudgha
Makhleb
Nemelex Xobeh
Okawaru
Qazlal
Uskayaw
Xom
Jiyva

Shops:
D:3 (   D:8 ?(==   D:10 :   D:13 !   Orc:2 ([*=   Elf:2 [?!?   Vaults:1 !
Vaults:2 [   Depths:2 (

Portals:
Hell: Depths:1 Depths:2
Pandemonium: Depths:2
Ziggurat: Depths:1

Annotations:
Shoals:4 1 runed translucent door, retardedninja's ghost, adept MiFi
Elf:2 2 transporters, Barsook's ghost, adept DsFi Arena Asterion


Innate Abilities, Weirdness & Mutations

You have a pair of horns on your head.
You reflexively headbutt those who attack you in melee.


Message History

Asterion gores you.
The Executioner hits you but does no damage. x3
Asterion says, "Enter my house and I will deliver you from evil."
Asterion hits you with a +1 vorpal broad axe!!
* * * LOW HITPOINT WARNING * * *
x2 Asterion gores you but does no damage.
You can now deal lightning-fast blows.
You block the Executioner's attack. x2
The Executioner hits you but does no damage. x4
Asterion hits you but does no damage. You block Asterion's attack.
The Executioner hits you!
* * * LOW HITPOINT WARNING * * *
You block the Executioner's attack. The Executioner barely misses you.
Aiming: Duel (1% risk of failure)
Press: ? - help, Dir - move target, f - Asterion
Aim: Asterion, wielding a +1 vorpal broad axe, wearing a +0 chain mail and wearing a +0 kite shield (heavily wounded, fast)
You enter into single combat with Asterion!
The Executioner disappears in a puff of smoke!
The world spins around you as you enter the gateway.
You enter Okawaru's Arena!
Asterion barely misses you. You furiously retaliate!
You headbutt Asterion, but do no damage.
You block Asterion's attack.
Found a gate leading back out of this place.
There is an empty arch of ancient stone here.
The spectator shouts! x8
You hit Asterion. Your headbutt misses Asterion.
Asterion is heavily wounded.
Your +8 spectral demon blade hits Asterion!!
Asterion hits your +8 spectral demon blade with a +1 vorpal broad axe!!
Your spectral weapon shares its damage with you! x2
Asterion hits you with a +1 vorpal broad axe.
* * * LOW HITPOINT WARNING * * *
x3 Asterion gores your +8 spectral demon blade!
Your spectral weapon shares its damage with you!
Your +8 spectral demon blade fades away.
* * * LOW HITPOINT WARNING * * *
You feel better.
Asterion hits you with a +1 vorpal broad axe!!
You die...
Okawaru crowns Asterion victorious!

###############
#p.▓.p▓∩▓p.▓.p#
#▓▓▓▓▓▓▓▓▓▓▓▓▓#
#.......H.....#
#.8....@§...8.#
#.............#
#▓▓▓▓▓▓▓▓▓▓▓▓▓#
#..pp..▓..pp..#
###############


You could see Asterion (fast).

Vanquished Creatures
  Mara (Spider:3)
  Nikola (Elf:2)
  A Tzitzimitl (Depths:2)
  A titan (Depths:2)
  Rupert (D:12)
  3 sphinxes
  2 Executioners (Depths:2)
  2 tentacled starspawn (Abyss:4)
  Donald (Orc:2)
  Roxanne (D:15)
  Agnes (Elf:1)
  2 fire giants (Depths:1)
  A frost giant (Depths:2)
  A vault warden (Vaults:2)
  6 emperor scorpions
  5 ghost moths
  The ghost of ReploidZero the Spry, a journeyman MfGl of Wu Jian (Orc:2)
  A caustic shrike zombie (Depths:2)
  The ghost of Ehaok the Impaler, a journeyman DsGl of Hepliaklqana (D:14)
  3 spectral caustic shrikes (Depths:2)
  An orc warlord (Orc:2)
  3 spriggan defenders (Depths:1)
  A war gargoyle (Vaults:2)
  5 ironbound preservers
  11 very ugly things
  3 broodmothers
  2 reapers (Depths:2)
  A deep elf demonologist (Elf:1)
  3 stone giants
  Nessos (D:12)
  A lorocyproca (Abyss:4)
  4 spark wasps
  Snorg (D:14)
  A minotaur (Gauntlet)
  8 dire elephants
  Azrael (D:13)
  3 entropy weavers
  6 merfolk impalers
  7 merfolk javelineers (Shoals:4)
  An ettin (Depths:2)
  A quicksilver dragon zombie (Depths:2)
  A spriggan zombie (Depths:2)
  2 rakshasas
  7 ice dragons
  4 deep elf death magi (Depths:2)
  A fire dragon (D:13)
  5 great orbs of eyes
  3 yaktaur captains (Vaults:1)
  4 boulder beetles
  Fannar (Lair:2)
  4 hydras
  A spectral tengu (Depths:2)
  A caustic shrike simulacrum (IceCv)
  Erolcha (D:10)
  4 catoblepae
  4 vault guards
  A ghost crab (Gauntlet)
  3 merfolk avatars
  2 naga warriors (Abyss:4)
  A spriggan air mage (Depths:2)
  An alligator snapping turtle (Shoals:4)
  5 centaur warriors
  5 ironbound frosthearts (Vaults:1)
  A jorogumo (Spider:4)
  A death knight (D:14)
  2 spriggan skeletons (Depths:2)
  5 deep troll shamans
  3 two-headed ogres
  26 dancing weapons
  4 merfolk aquamancers
  4 satyrs
  A spectral fire giant (Depths:2)
  A two-headed ogre (shapeshifter) (D:13)
  8 death scarabs (Spider:4)
  4 deep troll earth magi
  An alligator (Vaults:1)
  6 tengu warriors
  4 vampire magi (Depths:2)
  10 death yaks
  3 orc high priests (Orc:2)
  Urug (Orc:1)
  2 spectral emperor scorpions (Spider:4)
  13 deep elf knights
  A storm dragon zombie (Depths:2)
  13 pharaoh ants
  4 sixfirhies
  5 skeletal warriors
  2 titan skeletons (Depths:2)
  A fire crab (D:13)
  2 golden dragon zombies (Depths:2)
  A sun moth (Spider:1)
  Lodul (D:12)
  6 iron trolls
  2 starcursed masses (Abyss:4)
  12 sea snakes
  8 steelbarb worms
  8 deep elf archers
  7 spectral wolf spiders
  7 orb spiders
  30 deep trolls
  A wizard (D:14)
  2 orange crystal statues (IceCv)
  4 spriggan simulacra
  28 harpies
  2 lindwurms (Vaults:1)
  2 necromancers (Depths:2)
  18 deep elf zephyrmancers
  6 ironbound convokers (Vaults:1)
  5 orc knights
  A golden dragon skeleton (Depths:2)
  3 flayed ghosts (Depths:2)
  6 orc sorcerers
  A broodmother zombie (Spider:4)
  7 wolf spider zombies
  A mana viper (shapeshifter) (D:14)
  22 wolf spiders
  A tengu zombie (Depths:2)
  5 cyclopes
  25 deep elf pyromancers
  12 fauns
  29 ugly things
  An iron dragon skeleton (Depths:2)
  9 slime creatures
  5 elephants (Lair:4)
  10 merfolk sirens
  20 manticores
  6 vault sentinels
  3 moths of wrath
  5 black mambas
  6 water nymphs
  2 guardian serpents
  A smoke demon (Abyss:2)
  An orange demon (Abyss:4)
  11 cane toads
  8 torpor snails
  Maggie (D:6)
  4 large abominations
  4 rime drakes
  2 unseen horrors
  3 spectral redbacks (Spider:4)
  A rime drake (shapeshifter) (D:15)
  5 freezing wraiths
  A spark wasp simulacrum (Depths:2)
  4 kobold demonologists (D:11)
  An anaconda simulacrum (IceCv)
  15 komodo dragons
  14 demonic crawlers
  2 tormentors (Depths:2)
  A spectral human (Depths:2)
  2 tengu conjurers
  4 efreet
  5 trolls
  3 redback zombies (Spider:4)
  6 yaktaurs
  2 queen bees (shapeshifter) (Elf:1)
  3 ancient zymes
  3 golden dragon simulacra (IceCv)
  9 meliai (Spider:4)
  Prince Ribbit (D:9)
  2 queen bees
  A spectral culicivora (Spider:4)
  8 wind drakes
  A polar bear (Lair:4)
  22 merfolk
  2 tarantella zombies (Spider:4)
  2 wolf spider simulacra (Spider:1)
  A jumping spider zombie (Spider:4)
  25 tarantellas
  17 blink frogs
  2 spectral jumping spiders (Spider:4)
  6 raiju
  A hornet (Vaults:1)
  A spectral floating eye (Depths:2)
  2 fire giant simulacra (Depths:2)
  A culicivora zombie (Spider:4)
  11 dream sheep
  11 snapping turtles
  A frost giant simulacrum (Depths:2)
  A snapping turtle (shapeshifter) (D:14)
  2 shadows
  32 jumping spiders
  2 vampires
  An air elemental (Elf:3)
  5 small abominations
  A ynoxinul (Abyss:2)
  3 fire elementals
  2 dire elephant simulacra (IceCv)
  2 wraiths (D:12)
  63 yaks
  32 culicivoras
  21 water elementals
  5 wyverns
  6 basilisks
  A chaos spawn (Abyss:4)
  Eustachio (D:5)
  A golden eye (Abyss:3)
  50 redbacks
  2 steam dragons
  6 vampire mosquitoes
  3 minotaur simulacra (D:14)
  Edmund (D:6)
  2 wargs (Orc:1)
  3 nagas (Abyss:4)
  2 acid dragons
  4 harpy simulacra (IceCv)
  4 hydra simulacra (IceCv)
  2 hell hounds (D:13)
  16 water moccasins
  34 orc warriors
  An alligator simulacrum (IceCv)
  An ice beast (D:8)
  5 sky beasts
  2 black bears (D:6)
  5 centaurs
  11 ogres
  A wolf (D:10)
  2 phantoms (D:6)
  3 kobold brigands
  An earth elemental (Elf:2)
  3 necrophages
  6 bullfrogs
  2 deep troll simulacra (D:14)
  A glowing shapeshifter simulacrum (Depths:2)
  A gnoll sergeant (D:7)
  10 scorpions
  21 wights
  19 killer bees
  3 electric eels
  2 lindwurm simulacra (IceCv)
  A howler monkey (D:5)
  2 jellies (D:6)
  6 hounds
  27 orc priests
  2 gnoll boudas
  6 iguanas
  30 orc wizards
  4 hell rats
  Robin (D:3)
  15 gnolls
  13 adders
  3 shadow imps
  2 white imps (D:7)
  An ufetubus (D:5)
  4 worms
  95 orcs
  11 endoplasms
  3 giant cockroaches
  16 goblins
  9 hobgoblins
  A jackal (D:4)
  27 kobolds
  A quokka (D:1)
  5 ball pythons
  4 bats
  3 frilled lizards
  6 rats
  A starspawn tentacle (Abyss:4)
1563 creatures vanquished.

Vanquished Creatures (collateral kills)
  A centaur warrior (D:15)
  An ugly thing (D:15)
  A slime creature (D:15)
  An orc warrior (Orc:2)
  2 orc priests (Orc:2)
  An orc wizard (Orc:2)
7 creatures vanquished.

Vanquished Creatures (others)
  A fire giant (Depths:2)
  A wolf spider zombie (Spider:1)
  An ugly thing (D:15)
  A cyclops (D:14)
  2 centaur simulacra (D:14)
  An air elemental (Elf:2)
  An orc warrior (Orc:2)
  2 orc priests (Orc:2)
  A quokka (D:7)
  15 fungi
  66 plants
  3 starspawn tentacles (Abyss:4)
95 creatures vanquished.

Grand Total: 1665 creatures vanquished

Notes
Turn   | Place    | Note
-------+----------+-------------------------------------------
     0 | D:1      | Kazon the Minotaur Gladiator began the quest for the Orb.
     0 | D:1      | Reached XP level 1. HP: 18/18 MP: 0/0
    33 | D:1      | Identified a scroll of acquirement
    33 | D:1      | Acquired the +14 crystal plate armour "Poatirut" {rElec
                  | Str+3 Slay+3}
   242 | D:1      | Reached skill level 4 in Long Blades
   242 | D:1      | Reached XP level 2. HP: 23/25 MP: 1/1
   853 | D:2      | Reached XP level 3. HP: 30/30 MP: 2/2
  1423 | D:3      | Found Umat's Antique Weapon Boutique.
  1450 | D:3      | Bought a crude falchion for 184 gold pieces
  1450 | D:3      | Identified the +3 falchion of Winter {venom, rCorr} (You
                  | bought it in a shop on level 3 of the Dungeon)
  1605 | D:3      | Reached skill level 5 in Long Blades
  1605 | D:3      | Reached XP level 4. HP: 35/38 MP: 3/3
  1622 | D:3      | Noticed Robin
  1631 | D:3      | Killed Robin
  1669 | D:3      | Reached XP level 5. HP: 45/45 MP: 4/4
  1857 | D:3      | Reached skill level 8 in Long Blades
  1857 | D:3      | Reached skill level 5 in Throwing
  1857 | D:3      | Reached XP level 6. HP: 60/60 MP: 5/5
  2186 | D:4      | Reached skill level 9 in Long Blades
  2467 | D:4      | Reached XP level 7. HP: 66/66 MP: 6/6
  2518 | D:4      | Found a hazy altar of Hepliaklqana.
  2916 | D:5      | Entered Level 5 of the Dungeon
  3057 | D:5      | Reached skill level 1 in Evocations
  3074 | D:5      | Noticed Eustachio
  3086 | D:5      | Killed Eustachio
  3341 | D:5      | Reached XP level 8. HP: 53/74 MP: 7/7
  3483 | D:5      | Reached skill level 10 in Long Blades
  4131 | D:7      | Found a staircase to the Ecumenical Temple.
  4141 | Temple   | Entered the Ecumenical Temple
  4148 | Temple   | Became a worshipper of Warmaster Okawaru
  4212 | D:7      | Reached XP level 9. HP: 62/81 MP: 8/8
  4220 | D:7      | Found a hide-covered altar of Uskayaw.
  4302 | D:6      | Reached * piety under Okawaru
  4326 | D:6      | Reached skill level 1 in Invocations
  4360 | D:6      | Reached skill level 1 in Shields
  4371 | D:6      | Noticed Edmund
  4380 | D:6      | Reached ** piety under Okawaru
  4391 | D:6      | Killed Edmund
  4568 | D:6      | Reached skill level 11 in Long Blades
  4607 | D:6      | Noticed Maggie
  4622 | D:6      | Killed Maggie
  4730 | D:6      | Reached XP level 10. HP: 90/90 MP: 10/10
  4737 | D:6      | Reached *** piety under Okawaru
  4959 | D:7      | Found a white marble altar of Elyvilon.
  5049 | D:7      | Received a gift from Okawaru
  5416 | D:8      | Found Esumer's Weapon Shop.
  5508 | D:8      | Found Quzidd's Magic Scroll Emporium.
  5513 | D:8      | Bought a scroll of teleportation for 42 gold pieces
  5740 | D:8      | Found Heidghoki's Jewellery Shop.
  6095 | D:8      | Found Zoxtaeshakh's Jewellery Boutique.
  6548 | D:9      | Noticed Prince Ribbit
  6559 | D:9      | Killed Prince Ribbit
  6742 | D:9      | Noticed a two-headed ogre
  6755 | D:9      | Killed a two-headed ogre
  6755 | D:9      | Reached **** piety under Okawaru
  6787 | D:10     | Entered Level 10 of the Dungeon
  6875 | D:10     | Reached skill level 12 in Long Blades
  6938 | D:10     | Reached XP level 11. HP: 97/97 MP: 12/12
  7189 | D:10     | Found a staircase to the Lair.
  7197 | D:10     | Received a gift from Okawaru
  7247 | D:10     | Noticed Erolcha
  7255 | D:10     | Killed Erolcha
  7255 | D:10     | Reached ***** piety under Okawaru
  7275 | D:10     | Identified the +5 long sword of the Land of Plenty {drain,
                  | Dex+3}
  7280 | D:10     | Found Juagoaq's Book Shoppe.
  7301 | D:10     | Received a gift from Okawaru
  7626 | D:10     | Received a gift from Okawaru
  7919 | D:11     | Noticed a green ugly thing
  7926 | D:11     | Killed a green ugly thing
  7926 | D:11     | Received a gift from Okawaru
  7943 | D:11     | Reached skill level 5 in Evocations
  8016 | D:11     | Reached skill level 5 in Invocations
  8407 | D:11     | Reached skill level 13 in Long Blades
  8735 | D:12     | Noticed a two-headed ogre
  8751 | D:12     | Killed a two-headed ogre
  8751 | D:12     | Received a gift from Okawaru
  8752 | D:12     | Reached XP level 12. HP: 53/106 MP: 13/15
  8851 | D:12     | Noticed Lodul
  8856 | D:12     | Reached skill level 10 in Fighting
  8868 | D:12     | Killed Lodul
  9034 | D:8      | Bought the amulet "Odemouw" {Contam rPois rF+++ Regen+
                  | Stlth+} for 734 gold pieces
  9104 | Lair:1   | Entered Level 1 of the Lair of Beasts
  9394 | Lair:1   | Found the +2 Maxwell's thermic engine {flame, freeze}
  9588 | Lair:1   | Reached ****** piety under Okawaru
  9917 | Lair:2   | Noticed a catoblepas
  9923 | Lair:2   | Noticed Fannar
  9940 | Lair:2   | Killed a catoblepas
  9940 | Lair:2   | Received a gift from Okawaru
  9941 | Lair:2   | Reached skill level 14 in Long Blades
  9949 | Lair:2   | Killed Fannar
  9950 | Lair:2   | Received a gift from Okawaru
  9951 | Lair:2   | Reached skill level 1 in Stealth
 10174 | Lair:2   | Received a gift from Okawaru
 10238 | Lair:2   | Identified the +3 chain mail of Cuamoraw {Str+7 Dex-5}
                  | (Okawaru gifted it to you on level 2 of the Lair of Beasts)
 10238 | Lair:2   | Received a gift from Okawaru
 10800 | Lair:3   | Noticed a death yak
 10800 | Lair:3   | Noticed a death yak
 10801 | Lair:3   | Noticed a death yak
 10974 | Lair:3   | Reached XP level 13. HP: 115/115 MP: 17/17
 11000 | Lair:3   | Found a staircase to the Shoals.
 11079 | Lair:3   | Found a hole to the Spider Nest.
 11202 | Lair:3   | Reached skill level 10 in Armour
 11272 | Lair:3   | Found an ancient bone altar of Kikubaaqudgha.
 11545 | Lair:4   | Reached skill level 15 in Long Blades
 11558 | Lair:4   | Found a staircase to the Slime Pits.
 11558 | Lair:4   | Found a viscous altar of Jiyva.
 11868 | Lair:4   | Received a gift from Okawaru
 11892 | Lair:4   | Identified the +3 battleaxe "Adididghufym" {antimagic, rF+
                  | Will+}
 12139 | Lair:5   | Entered Level 5 of the Lair of Beasts
 12230 | Lair:5   | Received a gift from Okawaru
 13089 | Lair:5   | Reached XP level 14. HP: 125/125 MP: 19/19
 13095 | Lair:5   | Reached skill level 5 in Shields
 13117 | Lair:5   | Reached skill level 10 in Throwing
 13166 | Lair:5   | Received a gift from Okawaru
 13219 | Lair:5   | Reached skill level 16 in Long Blades
 13472 | D:12     | Noticed Nessos
 13476 | D:12     | Killed Nessos
 13476 | D:12     | Received a gift from Okawaru
 13812 | D:12     | Found a staircase to the Orcish Mines.
 13968 | D:13     | Identified the +2 great mace "Winibat" {flame, Str+6 Int-4
                  | Dex+5} (Okawaru gifted it to you on level 13 of the
                  | Dungeon)
 13968 | D:13     | Received a gift from Okawaru
 13977 | D:13     | Noticed Azrael
 14001 | D:13     | Killed Azrael
 14128 | D:13     | Found Ituota Roil's Distillery.
 14131 | D:13     | Bought a potion of curing for 57 gold pieces
 14207 | D:12     | Noticed Rupert
 14214 | D:12     | Killed Rupert
 14370 | D:13     | Found a gate to the Vaults.
 14515 | D:13     | Received a gift from Okawaru
 14835 | Spider:1 | Entered Level 1 of the Spider Nest
 15084 | Spider:1 | Acquired the +3 pair of seven-league boots {Rampage+∞}
 15084 | Spider:1 | Found the +3 pair of seven-league boots {Rampage+∞}
 15185 | Spider:1 | Noticed a ghost moth
 15189 | Spider:1 | Killed a ghost moth
 15305 | Spider:1 | Reached XP level 15. HP: 134/134 MP: 19/21
 15674 | Spider:1 | Noticed an emperor scorpion
 15695 | Spider:1 | Killed an emperor scorpion
 15736 | Spider:1 | Identified the +5 scimitar "Beboxadd" {antimagic, Str+5}
                  | (Okawaru gifted it to you on level 1 of the Spider Nest)
 15736 | Spider:1 | Received a gift from Okawaru
 16160 | Spider:2 | Received a gift from Okawaru
 16161 | Spider:2 | Reached skill level 10 in Invocations
 16242 | Spider:2 | Reached skill level 17 in Long Blades
 16258 | Spider:2 | Identified the +6 quarterstaff "Veudotweawn" {vorpal, rPois
                  | Dex+2} (Okawaru gifted it to you on level 2 of the Spider
                  | Nest)
 16258 | Spider:2 | Received a gift from Okawaru
 16455 | Spider:2 | Noticed an emperor scorpion
 16464 | Spider:2 | Killed an emperor scorpion
 17005 | Spider:2 | Upgraded the game from 0.29.1-12-g30fa7ad0bf to
                  | 0.29.1-13-g9f3cf754e1
 17175 | Spider:3 | Received a gift from Okawaru
 17537 | Spider:3 | Noticed an emperor scorpion
 17543 | Spider:3 | Killed an emperor scorpion
 17701 | Spider:3 | Reached skill level 10 in Evocations
 17798 | Spider:3 | Reached XP level 16. HP: 144/144 MP: 22/22
 18062 | Spider:4 | Entered Level 4 of the Spider Nest
 18062 | Spider:4 | Noticed Mara
 18074 | Spider:3 | Noticed Kazon's illusion
 18079 | Spider:3 | Killed Mara
 18079 | Spider:3 | Received a gift from Okawaru
 18198 | Spider:4 | Received a gift from Okawaru
 19085 | Spider:4 | Identified the +2 scale mail of the Distant Future {Drain
                  | rPois rCorr Int+9} (Okawaru gifted it to you on level 4 of
                  | the Spider Nest)
 19085 | Spider:4 | Received a gift from Okawaru
 19274 | Spider:4 | Reached skill level 15 in Fighting
 19328 | Spider:4 | Reached XP level 17. HP: 110/154 MP: 24/24
 19363 | Spider:4 | Got a gossamer rune of Zot
 19646 | Orc:1    | Entered Level 1 of the Orcish Mines
 19680 | Orc:1    | Noticed Urug
 19688 | Orc:1    | Killed Urug
 20102 | Orc:2    | Entered Level 2 of the Orcish Mines
 20119 | Orc:2    | Reached skill level 18 in Long Blades
 20133 | Orc:2    | Found a runed translucent door.
 20156 | Orc:2    | Noticed ReploidZero's ghost (journeyman MfGl)
 20183 | Orc:2    | Noticed Donald
 20194 | Orc:2    | Killed Donald
 20255 | Orc:2    | Found a gate leading to a gauntlet.
 20271 | Gauntlet | Entered a Gauntlet
 20271 | Gauntlet | Found a transporter.
 20274 | Gauntlet | Found a runed translucent door.
 20274 | Gauntlet | Found a transporter.
 20276 | Gauntlet | Found a transporter.
 20279 | Gauntlet | Found a transporter.
 20280 | Gauntlet | Found a transporter.
 20284 | Gauntlet | Found a runed translucent door.
 20288 | Gauntlet | Found a transporter.
 20288 | Gauntlet | Found a transporter.
 20288 | Gauntlet | Found the +12 glaive of Prune {vorpal}
 20289 | Gauntlet | Found a transporter.
 20319 | Gauntlet | Found a runed translucent door.
 20339 | Gauntlet | Found a transporter.
 20339 | Gauntlet | Found a transporter.
 20347 | Gauntlet | Found a transporter.
 20372 | Gauntlet | Identified the ring "Rutul" {Wiz rF+ Int+5}
 20381 | Gauntlet | Found a transporter.
 20412 | Gauntlet | Identified the amulet of Otuet {Acrobat Str+6}
 20661 | Orc:2    | Found a staircase to the Elven Halls.
 21017 | Orc:2    | Found Leshref's General Store.
 21018 | Orc:2    | Found Geemeife's Jewellery Shoppe.
 21020 | Orc:2    | Found Pisuawn's Antique Armour Emporium.
 21020 | Orc:2    | Found Luduu's Antique Weapon Emporium.
 21026 | Orc:2    | Bought a pair of glowing boots for 172 gold pieces
 21034 | Orc:2    | Bought a potion of heal wounds for 60 gold pieces
 21034 | Orc:2    | Bought a potion of curing for 36 gold pieces
 21265 | Orc:2    | Killed ReploidZero's ghost
 21340 | D:14     | Found a frozen archway.
 21408 | D:14     | Received a gift from Okawaru
 21500 | IceCv    | Entered an ice cave
 21595 | IceCv    | Received a gift from Okawaru
 21722 | D:14     | Identified the +6 scale mail "Voetobuo" {Int-3 Dex+8}
 21731 | D:14     | Noticed Snorg
 21737 | D:14     | Killed Snorg
 21811 | Abyss:2  | Cast into level 2 of the Abyss (a wizard)
 21947 | Abyss:3  | Identified the +8 triple sword of Generosity {antimagic,
                  | rPois Dex+4} (Okawaru gifted it to you on level 3 of the
                  | Abyss)
 21947 | Abyss:3  | Received a gift from Okawaru
 22247 | D:14     | Escaped the Abyss
 22336 | D:14     | Noticed Ehaok's ghost (journeyman DsGl)
 22353 | D:14     | Found a runed translucent gate.
 22353 | D:14     | Found a runed translucent gate.
 22353 | D:14     | Found a runed translucent gate.
 22591 | D:14     | Killed Ehaok's ghost
 22591 | D:14     | Received a gift from Okawaru
 22620 | D:14     | Identified the +1 hat of Untruth {rC++ rCorr Str-2 Stlth+}
 22932 | D:15     | Entered Level 15 of the Dungeon
 22971 | D:15     | Identified Roxanne's Parchment of Spelunking
 22971 | D:15     | Noticed Roxanne
 22983 | D:15     | Killed Roxanne
 22983 | D:15     | Identified the +4 demon blade of Paofro Dips {vamp, *Rage
                  | rPois rCorr Dex-2} (Okawaru gifted it to you on level 15 of
                  | the Dungeon)
 22983 | D:15     | Received a gift from Okawaru
 23109 | D:15     | Reached XP level 18. HP: 168/168 MP: 26/26
 23376 | D:15     | Found a staircase to the Depths.
 23643 | D:15     | Received a gift from Okawaru
 23934 | Elf:1    | Entered Level 1 of the Elven Halls
 23946 | Elf:1    | Received a gift from Okawaru
 24105 | Elf:1    | Noticed Agnes
 24122 | Elf:1    | Killed Agnes
 24447 | Elf:1    | Reached skill level 19 in Long Blades
 24558 | Elf:2    | Found a transporter.
 24559 | Elf:2    | Noticed Barsook's ghost (adept DsFi)
 24647 | Elf:2    | Found Hiosedoa's Distillery.
 24647 | Elf:2    | Found Zoshugie's Magic Scroll Shoppe.
 24648 | Elf:2    | Found Uddis's Antique Armour Shoppe.
 24653 | Elf:2    | Found Wuev's Magic Scroll Emporium.
 24658 | Elf:2    | Bought a potion of curing for 36 gold pieces
 24658 | Elf:2    | Bought a potion of curing for 36 gold pieces
 24668 | Elf:2    | Bought a scroll of enchant armour for 150 gold pieces
 24768 | Elf:1    | Found an ancient bone altar of Kikubaaqudgha.
 24788 | Elf:2    | Found a transporter.
 24805 | Elf:2    | Received a gift from Okawaru
 24805 | Elf:2    | Found the +3 hat of Pondering {ponderous, Will+ MP+10
                  | Int+5}
 24920 | Elf:2    | Found a huge runed translucent gate.
 24920 | Elf:2    | Found a huge runed translucent gate.
 24920 | Elf:2    | Found a huge runed translucent gate.
 24920 | Elf:2    | Found a huge runed translucent gate.
 24920 | Elf:2    | Found a huge runed translucent gate.
 25264 | Elf:2    | Reached skill level 10 in Shields
 25301 | Elf:2    | Noticed Nikola
 25309 | Elf:2    | Killed Nikola
 25799 | Shoals:1 | Entered Level 1 of the Shoals
 26042 | Shoals:1 | Reached XP level 19. HP: 137/179 MP: 27/27
 26045 | Shoals:1 | Received a gift from Okawaru
 26478 | Shoals:2 | Identified the +4 chain mail of the Enchanted Forest
                  | {*Corrode Dex+6}
 26915 | Shoals:2 | Identified the +4 ring mail of Circular Logic {rPois rF+
                  | Int-4 SInv} (Okawaru gifted it to you on level 2 of the
                  | Shoals)
 26915 | Shoals:2 | Received a gift from Okawaru
 27764 | Shoals:4 | Entered Level 4 of the Shoals
 28490 | Shoals:4 | Found a runed translucent door.
 28492 | Shoals:4 | Found a shimmering altar of Xom.
 28492 | Shoals:4 | Noticed retardedninja's ghost (adept MiFi)
 28526 | Shoals:4 | Identified the ring of Zuegae {rPois rF+ rC- MP+9}
 28602 | Shoals:4 | Got Gogief's Precepts of Coordinates
 28737 | Shoals:4 | Got a barnacled rune of Zot
 29302 | Depths:1 | Entered Level 1 of the Depths
 29305 | Depths:1 | Received a gift from Okawaru
 29309 | Depths:1 | Reached skill level 15 in Evocations
 29451 | Depths:1 | Found a flickering gateway to a bazaar.
 29471 | Depths:1 | Found an iron altar of Okawaru.
 29491 | Depths:1 | Reached skill level 15 in Armour
 29543 | Bazaar   | Entered a bazaar
 29586 | Bazaar   | Found Reheffocs's Weapon Shop.
 29586 | Bazaar   | Found Daotseq's Book Boutique.
 29620 | Bazaar   | Found Fesotas's Book Boutique.
 29620 | Bazaar   | Found Totziet's Assorted Antiques.
 29626 | Bazaar   | Bought a short gold wand for 80 gold pieces
 29744 | Depths:1 | Found a gateway to Hell.
 29778 | Depths:1 | Reached XP level 20. HP: 133/189 MP: 29/29
 29812 | Depths:1 | Found a one-way gateway to a ziggurat.
 29988 | Depths:1 | Identified the +1 scale mail "Caofiwio" {rN+ rCorr Int-4
                  | Dex+2} (Okawaru gifted it to you on level 1 of the Depths)
 29988 | Depths:1 | Received a gift from Okawaru
 30285 | Depths:2 | Reached skill level 15 in Throwing
 30551 | Depths:2 | Found Xywunomm's Antique Weapon Emporium.
 30631 | Depths:2 | Found a one-way gate leading to the halls of Pandemonium.
 30904 | Depths:2 | Found an ancient bone altar of Kikubaaqudgha.
 30962 | Depths:2 | Identified the ring of Rallilit {Fire Int+5 Dex+4}
 31037 | Depths:2 | Found the amulet of Vitality {RegenMP++ Regen++}
 31037 | Depths:2 | Identified the +4 rapier "Missunko" {vorpal, rN+ Will-
                  | Str+4 Int-5 Stlth+}
 31312 | Depths:2 | Received a gift from Okawaru
 31504 | Depths:2 | Reached skill level 20 in Long Blades
 31924 | Vaults:1 | Entered Level 1 of the Vaults
 32074 | Vaults:1 | Reached skill level 5 in Stealth
 32123 | Vaults:1 | Received a gift from Okawaru
 32234 | Vaults:1 | Reached skill level 15 in Invocations
 32640 | Vaults:1 | Found Quvviufo's Distillery.
 32646 | Vaults:1 | Bought a potion of curing for 36 gold pieces
 32646 | Vaults:1 | Bought a potion of heal wounds for 60 gold pieces
 32646 | Vaults:1 | Bought a potion of heal wounds for 60 gold pieces
 32698 | Vaults:1 | Reached XP level 21. HP: 199/199 MP: 31/31
 33023 | Vaults:1 | Got Qickeq's Spellbook of Rank Transformation
 33270 | Vaults:1 | Identified the +3 tower shield "Intiof" {-Cast Fly rElec
                  | Will++} (Okawaru gifted it to you on level 1 of the Vaults)
 33270 | Vaults:1 | Received a gift from Okawaru
 33429 | Vaults:2 | Identified the +6 battleaxe of the Neverending Dances
                  | {vorpal, rN++ Str-4}
 33509 | Vaults:2 | Found Afiul's Antique Armour Boutique.
 33530 | Vaults:2 | Bought ichor-stained fire dragon scales for 1885 gold
                  | pieces
 33530 | Vaults:2 | Identified the +7 fire dragon scales "Gysobbeu" {-Tele rF++
                  | rC- rN+++ rCorr Dex-3} (You bought it in a shop on level 2
                  | of the Vaults)
 34189 | Elf:3    | Entered Level 3 of the Elven Halls
 34210 | Elf:3    | Paralysed by an air elemental for 1 turns
 34271 | Elf:3    | Noticed Asterion
 34285 | Arena    | Entered the Arena
 34287 | Arena    | Slain by Asterion

Illustrated notes

Levels and vault maps discovered:
D:1:      dpeg_arrival_three_smaller_balls, layout_basic
D:2:      layout_loops_ring
D:3:      layout_basic, serial_shops, nicolae_shop_stone, st_stairs_9,
          minmay_misc_feat_doors, eino_curves_03, uniq_robin
D:4:      minmay_wonky_spiral, layout_basic,
          mainiacjoe_overflow_surrounded_room, minivault_5
D:5:      layout_cave_pods, uniq_menkaure, uniq_eustachio
D:6:      cheibrodos_barr_body, layout_basic, minmay_crystal_room,
          minmay_pentangle, uniq_maggie, uniq_edmund
D:7:      layout_cave_pools, nicolae_uskayaw_murder_on_the_dancefloor,
          elyvilon_altar_4, minmay_temple_entry_purple_smoke
D:8:      layout_basic, serial_shops, shop_statue, kennysheep_little_box, shop,
          nicolae_shop_window_shopping
D:9:      layout_cave_pools, uniq_prince_ribbit1
D:10:     layout_stronghold, erik_lair_island, serial_shops,
          nicolae_shop_statue_plus, uniq_erolcha
D:11:     layout_roguey
D:12:     layout_loops_ring, orc_0_dummy, chequers_serial_rivers_marsh,
          uniq_lodul, uniq_nessos, uniq_rupert
D:13:     layout_gridville, david_vaults_5, serial_shops,
          nicolae_shop_behind_doors, minmay_fractal_squares_gapless_5,
          uniq_azrael
D:14:     layout_roguey, minmay_misc_feat_secret_circle, gammafunk_ghost_split,
          portal_ice_cave_entry_ice_simulacra, uniq_snorg
D:15:     hangedman_depths_entry_try_elsewhere_first, layout_loops_corners,
          uniq_roxanne
Temple:   nicolae_temple_bog_church
Lair:1:   layout_long_grid, fungi_pond_lemuel, cheibrodos_lair_reptile_den
Lair:2:   layout_gridlike, uniq_fannar
Lair:3:   layout_roguey, minmay_shoals_entry_hut,
          nicolae_spider_entry_non_spiders, basic_altar, serial_bayou_crossing
Lair:4:   layout_gridlike, slime_entry_1, serial_rivers,
          chequers_serial_rivers_room_a, chequers_serial_rivers_micro_c,
          chequers_serial_rivers_room_a, chequers_serial_rivers_micro_e,
          minivault_27, grunt_megastairs_3, infiniplex_staircase_pool_2
Lair:5:   evilmike_catoblepas_cave, layout_long_grid
Shoals:1: layout_shoals, nicolae_shoals_lost_giant_pillars
Shoals:2: layout_shoals
Shoals:3: layout_shoals
Shoals:4: shoals_end_simple, layout_shoals, ebering_ghost_xom
Spider:1: layout_chambers, nicolae_spider_undead_wolf_pack
Spider:2: layout_cave_pods
Spider:3: layout_spider_delve
Spider:4: floodkiller_spider_rune_tomb, special_room [special_room_bee],
          uniq_mara
Orc:1:    layout_caves, basic_altar, uniq_urug
Orc:2:    st_orc_congregation, layout_caves, gauntlet_entry_generic,
          hellmonk_ghost_happy_afterlife, uniq_donald
Elf:1:    layout_gridlike, minmay_elf_demonology, lemuel_upstairs_altar,
          uniq_agnes
Elf:2:    elven_hall_of_blades_hangedman_alternative
          [nicolae_blade_entry_diamond_columns], layout_geoelf_diagonals,
          gammafunk_ghost_arena, minmay_shoptagon, uniq_nikola
Elf:3:    elf_hall_gauntlet_narrow, layout_gridlike, serial_shops,
          nicolae_shop_overgrown_old_shop, nicolae_shop_advertising_works
          [nicolae_subvault_shop_adworks], uniq_louise, uniq_asterion
Vaults:1: nicolae_vaults_little_squares_1, v_misc_5, hangedman_vaults_stitches,
          hangedman_vaults_cutoff, grunt_vaults_trifunnel, v_misc_19,
          nicolae_vaults_three_branches, vaults_room_pool,
          vaults_room_door_hall, nicolae_vaults_little_ls,
          nicolae_vaults_rhombus_7, layout_vaults_omnicross, serial_shops, shop
Vaults:2: advil_vaults_ghost_guards, gammafunk_sealed_arena,
          hangedman_vaults_snaps, vaults_room_semicircle,
          hangedman_vaults_slither, v_alt_pattern_4, v_alt_pattern_3,
          hangedman_vaults_cutoff, vaults_mumra_lcd, nicolae_vaults_rhombus_6,
          ontoclasm_vaults_spin, grunt_vaults_focal, layout_vaults_ring,
          serial_shops, shop_statue
Depths:1: layout_basic, enter_ziggurat_b, corexii_leaking_fountain,
          serial_shops, freezing_bzr, pf_coc_iceberg,
          serial_sigils_hangedman_etch, grunt_ministairs_7,
          okawaru_altar_gauntlet_db
Depths:2: evilmike_negative_zone, layout_cave_pools, hell_entry, pan_entry,
          serial_shops, shop_fountains, lightli_minifort
Arena

Skill      XL: |  1  2  3  4  5  6  7  8  9 10 11 12 13 14 15 16 17 18 19 20 21 |
---------------+----------------------------------------------------------------+-----
Long Blades    | 4 5 8 9 10 11 12 13 14 15 16 17 18 19 20 | 20.4
Fighting       | 3 7 8 9 10 11 12 13 15 16 18 19 | 19.8
Dodging        | 4 7 |  7.1
Throwing       | 5 6 7 8 9 11 12 13 14 15 | 15.6
Armour         | 6 7 8 9 10 11 12 13 14 15 | 15.8
Evocations     | 1 2 3 4 5 6 8 9 10 12 13 15 16 | 16.4
Invocations    | 2 3 5 6 8 9 10 11 12 13 14 15 | 15.3
Shields        | 1 2 3 4 5 7 9 10 11 12 13 | 13.3
Stealth        | 1 2 3 4 5 |  5.2

Action                   |  1- 3 |  4- 6 |  7- 9 | 10-12 | 13-15 | 16-18 | 19-21 || total
-------------------------+-------+-------+-------+-------+-------+-------+-------++-------
Melee: Long sword        |    56 |       |       |    25 |       |       |       ||    81
       Headbutt          |     8 |     8 |    51 |   138 |   185 |   371 |   346 ||  1107
       Punch             |     1 |       |     1 |       |       |       |       ||     2
       Falchion          |     6 |    68 |   236 |   459 |       |     8 |       ||   777
       Double sword      |       |       |       |    62 |   232 |    95 |       ||   389
       Demon blade       |       |       |       |    43 |   394 |  1131 |   988 ||  2556
       Triple sword      |       |       |       |       |       |   113 |       ||   113
Throw: Stone             |    14 |    22 |    23 |    88 |       |       |       ||   147
       Throwing net      |       |     1 |       |       |       |       |       ||     1
       Boomerang         |       |     4 |    35 |    46 |   168 |    48 |   362 ||   663
       Javelin           |       |       |       |     1 |    10 |    23 |    18 ||    52
       Dart              |       |       |       |     7 |   109 |   131 |    22 ||   269
Invok: Heroism           |       |       |       |     3 |     3 |     5 |     5 ||    16
       Finesse           |       |       |       |     1 |     1 |     2 |     1 ||     5
       Duel              |       |       |       |       |       |       |     1 ||     1
Evoke: Wand              |       |       |     1 |     5 |    20 |    40 |    24 ||    90
       Lightning rod     |       |       |       |       |     2 |       |       ||     2
       Phial of floods   |       |       |       |       |     1 |       |     1 ||     2
       Condenser vane    |       |       |       |       |       |     2 |       ||     2
       Tin of tremorston |       |       |       |       |       |     1 |     3 ||     4
  Use: Scroll            |     1 |       |     3 |    12 |    15 |     8 |     5 ||    44
       Potion            |       |     1 |     3 |     1 |       |     2 |     2 ||     9
 Stab: Paralysed         |       |       |       |     4 |     3 |     8 |     1 ||    16
       Petrifying        |       |       |       |     1 |       |       |       ||     1
       Petrified         |       |       |       |     1 |       |       |       ||     1
       Distracted        |       |       |       |       |     7 |    11 |    29 ||    47
Armor: Crystal plate arm |    33 |    35 |   160 |   337 |   375 |   756 |   666 ||  2362
       Skin              |       |       |       |       |       |       |     6 ||     6
       Fire dragon scale |       |       |       |       |       |       |    37 ||    37
Dodge: Dodged            |    18 |    25 |    70 |   127 |   143 |   279 |   205 ||   867
Block: Buckler           |       |       |    27 |    87 |   176 |   154 |       ||   444
       Kite shield       |       |       |       |       |       |   293 |   605 ||   898
       Reflection        |       |       |       |       |       |    26 |    40 ||    66
       Tower shield      |       |       |       |       |       |       |    35 ||    35
